 Dungeon Crawl Stone Soup version 0.20.0-6-gd3061e9 (webtiles) character file.

168 Monsterracer the Insei (level 5, -4/44 HPs)
             Began as a Naga Transmuter on May 28, 2017.
             Splashed by a jelly's acid (9 damage)
             ... on level 3 of the Dungeon.
             The game lasted 00:06:42 (3438 turns).

Monsterracer the Insei (Naga Transmuter)            Turns: 3438, Time: 00:06:42

Health: -4/44      AC: -7    Str: 12      XL:     5   Next: 49%
Magic:  0/8        EV: 10    Int: 13 (14) God:
Gold:   104        SH:  0    Dex: 11 (12) Spells: 2/8 levels left

rFire    . . .     SeeInvis +     - Unarmed
rCold    + . .     Gourm    .   (no shield)
rNeg     . . .     Faith    .   b - +0 robe
rPois    +         Spirit   +   l - +1 helmet
rElec    .         Reflect  .   (no cloak)
rCorr    .         Harm     .   (no gloves)
MR       .....                  (no barding)
Stlth    ++........             j - amulet of guardian spirit
Regen    0.2/turn               h - ring of stealth
MPRegen  0.2/turn               (no ring)

@: corroded, very slow
A: see invisible, cold resistance 1, deformed body, sense surroundings 1, poison
resistance, slowness 2, slow metabolism 1, spit poison 1, AC +1
a: Spit Poison


You were on level 3 of the Dungeon.
You were not hungry.

You visited 1 branch of the dungeon, and saw 3 of its levels.

You collected 104 gold pieces.

Inventory:

Missiles
 a - 46 arrows
Armour
 b - a +0 robe (worn)
 l - a +1 helmet (worn)
Jewellery
 h - a ring of stealth (left hand)
 j - an amulet of guardian spirit (around neck)
Scrolls
 e - a scroll of enchant armour {unknown}
 g - 2 scrolls of teleportation {unknown}
 i - 3 scrolls of immolation
 n - a scroll of identify {unknown}
Potions
 o - a potion of mutation
Books
 c - a book of Changes

   Spells                             Type                      Level
   a - Beastly Appendage              Transmutation                1
   b - Sticks to Snakes               Transmutation                2
   c - Spider Form                    Transmutation/Poison         3
   d - Ice Form                       Ice/Transmutation            4
   e - Blade Hands                    Transmutation                5
Comestibles
 d - 2 bread rations
 f - a meat ration
 k - 2 chunks of flesh
 m - a royal jelly


   Skills:
 - Level 1.0 Fighting
 - Level 1.5 Dodging
 * Level 5.1 Unarmed Combat
 - Level 2.0 Spellcasting
 + Level 3.6 Transmutations


You had 2 spell levels left.
You knew the following spells:

 Your Spells              Type           Power        Failure   Level  Hunger
a - Beastly Appendage     Tmut           ##....       5%          1    ##.....
b - Sticks to Snakes      Tmut           ##......     9%          2    ###....
c - Spider Form           Tmut/Pois      #.........   34%         3    ####...


Dungeon Overview and Level Annotations

Branches:
Dungeon (3/15)

Altars:

Annotations:
D:3 Robin


Innate Abilities, Weirdness & Mutations

You cannot wear boots.
Your serpentine skin is tough. (AC +1)
You have supernaturally acute eyesight. (SInv)
Armour fits poorly on your strangely shaped body.
Your system is resistant to poisons. (rPois)
You cover ground very slowly.
You have a slow metabolism.
You can spit poison.
Your flesh is cold resistant. (rC+)
You passively map a small area around you.


Message History

You don't have enough magic to cast that spell.
Unknown command.
Okay, then.
Unknown command.
Casting: Beastly Appendage
Confirm with . or Enter, or press ? or * to list all spells.
Okay, then.
You see here a poisoned needle.
As you read the scroll labeled BIOMESS OWURPH, it crumbles to dust.
The creatures around you are filled with an inner flame!
It was a scroll of immolation.
The jelly hits you.
* * * LOW HITPOINT WARNING * * *
The acid corrodes you!
You are splashed with acid!
The acid burns!
You die...

........#
##.....## ,
##......#
#....†..# *
#.......#
#.......#
#.......#
#.......# *
#.......#####
#.......# ,
#..........)#
####....#
#...........#
##..'..(.#
#######.....#
#.######## #
#.....#
##@Jg.))## *
* # #.....#
*#######J# #
#.....#
JPgJg...÷# ,
# #.....#
g.ggJ.÷..# ,
# #.....#


JPggJJJ.g# , ,, # #.....# JP÷PggJ..# * # #.....# .gJJ.....# , ####### ).J...÷P.#
, ########## You could see a jelly (inner flame), an ooze (inner flame) and a
goblin (inner flame).

Vanquished Creatures
  Jessica (D:3)
  2 adders
  6 oozes (D:3)
  3 worms (D:3)
  4 dart slugs
  A leopard gecko (D:2)
  2 orcs (D:3)
  5 bats
  2 giant cockroaches (D:3)
  10 goblins
  8 hobgoblins
  4 jackals (D:1)
  A quokka (D:3)
  A ball python (D:2)
  6 frilled lizards
  11 kobolds
  12 rats
79 creatures vanquished.

Vanquished Creatures (others)
  8 fungi (D:3)
  10 toadstools (D:3)
18 creatures vanquished.

Grand Total: 97 creatures vanquished

Notes
Turn   | Place    | Note
-------+----------+-------------------------------------------
     0 | D:1      | Monsterracer the Naga Transmuter began the quest for the Orb.
     0 | D:1      | Reached XP level 1. HP: 18/18 MP: 3/3
   142 | D:1      | Reached XP level 2. HP: 13/25 MP: 3/5
   292 | D:1      | Learned a level 2 spell: Sticks to Snakes
  1130 | D:1      | Reached XP level 3. HP: 19/31 MP: 6/6
  1135 | D:1      | Learned a level 3 spell: Spider Form
  1394 | D:1      | Gained mutation: Your flesh is cold resistant. (rC+) [potion of mutation]
  1394 | D:1      | Gained mutation: You passively map a small area around you. [potion of mutation]
  2169 | D:2      | Reached skill level 4 in Unarmed Combat
  2470 | D:2      | Reached XP level 4. HP: 37/38 MP: 7/7
  2821 | D:3      | Noticed Jessica
  2827 | D:3      | Killed Jessica
  3025 | D:3      | Reached XP level 5. HP: 31/44 MP: 2/8
  3378 | D:3      | Noticed Robin
  3418 | D:3      | Reached skill level 5 in Unarmed Combat
  3438 | D:3      | Splashed by a jelly's acid

Skill      XL: |  1  2  3  4  5 |
---------------+----------------+-----
Unarmed Combat | 4 5 |  5.1
Transmutations | 3 |  3.6
Fighting       | |  1.0
Dodging        | |  1.5
Spellcasting   | |  2.0

Action                   |  1- 3 |  4- 6 || total
-------------------------+-------+-------++-------
Melee: Unarmed           |   121 |    99 ||   220
       Punch             |       |     1 ||     1
 Cast: Beastly Appendage |     3 |     1 ||     4
       Spider Form       |     1 |     5 ||     6
 Abil: Spit Poison       |    14 |    10 ||    24
  Use: Potion            |     4 |     2 ||     6
       Scroll            |       |     1 ||     1
 Stab: Sleeping          |     3 |     2 ||     5
       Distracted        |       |     1 ||     1
  Eat: Chunk             |     4 |     4 ||     8
Armor: Robe              |    23 |    12 ||    35
Dodge: Dodged            |    64 |    43 ||   107
